 Dungeon Crawl Stone Soup version 0.18-a0-721-g8fc53f4 (console) character file.

131 bli the Insei (level 4, -3/35 HPs)
             Began as a Demonspawn Monk on Dec 8, 2015.
             Was an Initiate of Ru.
             Slain by an ogre
             ... wielding a +0 giant spiked club
              (15 damage)
             ... on level 3 of the Dungeon.
             The game lasted 00:06:51 (3103 turns).

bli the Insei (Demonspawn Monk)                     Turns: 3103, Time: 00:06:51

Health: -3/35      AC:  3    Str: 12    XL:     4   Next: 91%
Magic:  4/4        EV: 13    Int: 11    God:    Ru [......]
Gold:   139        SH:  0    Dex: 16    Spells: 0 memorised, 3 levels left

rFire  . . .     SeeInvis .       - Unarmed
rCold  . . .     Clarity  .     a - +0 robe
rNeg   . . .     SustAt   .     (no shield)
rPois  .         Gourm    .     (no helmet)
rElec  .         Spirit   .     (no cloak)
rCorr  .         Dismiss  .     c - +0 pair of gloves
rMut   .         Stasis   .     (no boots)
MR     .....                    (no amulet)
Stlth  ++........               (no ring)
                                (no ring)

@: drained, not resistant to hostile enchantments, unstealthy
A: hooves 1, rot immunity
a: Renounce Religion


You were on level 3 of the Dungeon.
You worshipped Ru.
Ru was noncommittal.
You were very hungry.

You visited 1 branch of the dungeon, and saw 3 of its levels.

You collected 139 gold pieces.

Inventory:

Hand Weapons
 i - a +1 dagger of venom
 s - a +1 whip of draining
 t - a +1 antimagic spear
Armour
 a - a +0 robe (worn)
 c - a +0 pair of gloves (worn)
Scrolls
 d - 2 scrolls of remove curse {unknown}
 e - a scroll of magic mapping {unknown}
 h - 2 scrolls of fog {unknown}
 j - a scroll of random uselessness {unknown}
 l - 6 scrolls of identify {unknown}
 m - 4 scrolls of amnesia {unknown}
 n - a scroll of noise {unknown}
 q - 2 scrolls of recharging {unknown}
 r - a scroll of teleportation {unknown}
Potions
 g - a potion of curing
 k - a potion of resistance {unknown}
 o - a potion of might {unknown}
 p - a potion of flight {unknown}
Comestibles
 b - 3 bread rations
 f - 2 meat rations


   Skills:
 + Level 3.3(3.1) Fighting
 + Level 3.5(3.3) Dodging
 + Level 2.3(2.1) Stealth
 * Level 4.8(4.6) Unarmed Combat


You had 3 spell levels left.
You didn't know any spells.

Dungeon Overview and Level Annotations

Branches:
Dungeon (3/15)

Altars:
Ru
Trog


Innate Abilities, Weirdness & Mutations

You have large cloven feet.
You are immune to rotting.


Message History

You barely miss the ogre.
The ogre is moderately wounded.
The ogre closely misses you.
You hit the ogre but do no damage. You kick the ogre, but do no damage.
The ogre is moderately wounded.
The ogre barely misses you.
You hit the ogre but do no damage.
The ogre is moderately wounded.
You hit the ogre but do no damage. You kick the ogre, but do no damage.
The ogre is moderately wounded.
The ogre barely misses you.
You hit the ogre. You kick the ogre, but do no damage.
The ogre is heavily wounded.
The ogre misses you.
You closely miss the ogre. You kick the ogre, but do no damage.
The ogre is moderately wounded.
You hit the ogre but do no damage. You kick the ogre, but do no damage.
The ogre is moderately wounded.
The ogre hits you with a giant spiked club!
You die...

..#.#####..# .#...... .
#........# ##.####
....########.## #.#
.......#
#>.#######.#### .o....#
##.......#.#... #.#.#.#
#.......#.#... #..O..#
#########.#### #.#.#.#
#.# #....)#
###########.###
#.##.####.............#
#.....O@..##########..#
#########.# #..## #.#
#.... #.###########.##
#.............#
#.############# ###


You could see an ogre.

Vanquished Creatures
  A worker ant (D:3)
  5 adders
  An ooze (D:3)
  A giant gecko (D:1)
  A ball python (D:1)
  14 bats
  3 giant cockroaches
  5 goblins
  7 hobgoblins
  7 jackals
  3 giant newts
  6 kobolds
  6 rats
60 creatures vanquished.

Notes
Turn   | Place    | Note
--------------------------------------------------------------
     0 | D:1      | bli the Demonspawn Monk began the quest for the Orb.
     0 | D:1      | Reached XP level 1. HP: 18/18 MP: 1/1
   423 | D:1      | Reached skill level 4 in Unarmed Combat
   423 | D:1      | Gained mutation: You are immune to rotting. [demonic ancestry]
   423 | D:1      | Reached XP level 2. HP: 24/24 MP: 2/2
  1092 | D:1      | Reached XP level 3. HP: 26/29 MP: 3/3
  1941 | D:2      | Found a bloodstained altar of Trog.
  2173 | D:2      | Gained mutation: You have large cloven feet. [demonic ancestry]
  2173 | D:2      | Reached XP level 4. HP: 10/35 MP: 4/4
  2638 | D:3      | Found a sacrificial altar of Ru.
  2643 | D:3      | Became a worshipper of Ru the Awakened
  3082 | D:3      | Noticed an ogre
  3103 | D:3      | Slain by an ogre

Vault maps used:
D:1:      kilobyte_arrival_exit_the_forest, serial_corexii_hall,
          corexii_hall_statues_i, corexii_hall_statues_l
D:2:      bloody_trog
D:3:      lemuel_doored_altar, serial_co_window_serial, co_window_corner_a,
          co_window_of_opportunity_a, co_window_paths_a, co_window_paths_b,
          co_window_corner_a, co_window_paths_a, co_window_corner_ca,
          co_window_cross_4, co_window_broadway_a, co_window_unsneaky_path_a,
          co_window_broadway_a, co_window_paths_c, glass_columns_c,
          glass_columns_b, glass_columns_a, makhleb_blood_cavern_becter

Action                   |  1- 3 |  4- 6 || total
-------------------------+-------+-------++-------
Melee: Unarmed           |   196 |    84 ||   280
Invok: Reject Sacrifices |       |     1 ||     1
  Use: Potion            |       |     2 ||     2
 Stab: Sleeping          |     5 |     1 ||     6
       Distracted        |     1 |       ||     1
  Eat: Chunk             |     4 |     2 ||     6
